 Dungeon Crawl Stone Soup version 0.28.0-53-g5a82cb258f (webtiles) character file.

Game seed: 6420019980810025545

127 safid the Chopper (level 5, -2/46 HPs)
             Began as a Hill Orc Fighter on July 7, 2022.
             Slain by a black bear (5 damage)
             ... on level 4 of the Dungeon.
             The game lasted 00:01:58 (2074 turns).

safid the Chopper (Hill Orc Fighter)                Turns: 2074, Time: 00:01:59

Health: -2/46      AC:  7    Str: 21    XL:     5   Next: 11%
Magic:  5/5        EV:  9    Int:  8    God:
Gold:   160        SH:  4    Dex: 10    Spells: 4/4 levels left

rFire   . . .      SeeInvis .   a - +0 war axe
rCold   . . .      Faith    .   c - +0 buckler
rNeg    . . .      Spirit   .   b - +0 scale mail
rPois   .          Reflect  .   (no helmet)
rElec   .          Harm     .   (no cloak)
rCorr   .          Rampage  .   (no gloves)
Will    .....                   (no boots)
Stlth   ..........              (no amulet)
HPRegen 0.15/turn               (no ring)
MPRegen 0.09/turn               (no ring)

@: no status effects
A: no striking features
a: no special abilities


You were on level 4 of the Dungeon.
You visited 1 branch of the dungeon, and saw 4 of its levels.

You collected 160 gold pieces.

Inventory:

Hand Weapons
 a - a +0 war axe (weapon)
Armour
 b - a +0 scale mail (worn)
 c - a +0 buckler (worn)
Jewellery
 l - a ring of flight
Scrolls
 h - 2 scrolls of summoning {unknown}
 j - 2 scrolls of identify {unknown}
 k - a scroll of amnesia {unknown}
 m - 4 scrolls of enchant armour {unknown}
 o - a scroll of teleportation {unknown}
Potions
 d - a potion of might
 e - 2 potions of haste {unknown}
 f - 2 potions of flight {unknown}
 g - a potion of curing {unknown}
 i - a potion of invisibility {unknown}
 n - a potion of magic {unknown}


   Skills:
 - Level 4.0 Fighting
 + Level 5.3 Axes
 - Level 4.0 Armour
 - Level 4.0 Shields


You had 4 spell levels left.
You didn't know any spells.
Your spell library contained the following spells:

 Spells                   Type           Power      Damage    Failure   Level
 Sting                    Tmut/Pois      0%         1d3       83%         1
 Poisonous Vapours        Pois/Air       0%         N/A       92%         2
 Static Discharge         Conj/Air       0%         N/A       92%         2
 Olgreb's Toxic Radiance  Pois           0%         N/A       100%        4
 Lightning Bolt           Conj/Air       0%         1d11      100%        5
 Maxwell's Capacitive Co  Air            0%         ∞         100%        8


Dungeon Overview and Level Annotations

Branches:
Dungeon (4/15)
 Temple: D:4-7

Altars:


Message History

The black bear claws you.
You closely miss the black bear.
The black bear is lightly wounded.
The black bear bites you but does no damage.
The black bear barely misses you.
The black bear claws you but does no damage.
The black bear bites you. You block the black bear's attack.
The black bear barely misses you.
Unknown command.
Unknown command.
You barely miss the black bear.
The black bear is lightly wounded.
The black bear bites you. The black bear closely misses you.
The black bear claws you but does no damage.
You slash the black bear!
The black bear is heavily wounded.
The black bear bites you.
The black bear claws you but does no damage. x2
You slash the black bear!
The black bear is severely wounded.
The black bear goes berserk!
The black bear barely misses you. The black bear claws you.
You block the black bear's attack.
You hit the black bear but do no damage.
The black bear is severely wounded.
The black bear bites you! You block the black bear's attack.
The black bear claws you. The black bear barely misses you.
The black bear claws you.
* * * LOW HITPOINT WARNING * * *
The black bear barely misses you.
You closely miss the black bear.
The black bear is severely wounded.
The black bear bites you.
* * * LOW HITPOINT WARNING * * *
The black bear claws you but does no damage.
The black bear claws you.
* * * LOW HITPOINT WARNING * * *
The black bear misses you. The black bear claws you.
* * * LOW HITPOINT WARNING * * *
The black bear claws you.
You die...

.... ## . #...
... #. #..####.#
.. ##..#....#
#.#........#
#..........#
#........#
#..<@h...#
#..............
.......#####.#..
##...## # ####


You could see a black bear (berserk).

Vanquished Creatures
  A bullfrog zombie (D:3)
  5 adders
  A worm (D:2)
  3 bats
  8 endoplasms
  3 giant cockroaches
  2 goblins (D:2)
  9 hobgoblins
  2 kobolds (D:2)
  4 ball pythons
  5 frilled lizards
  3 rats
46 creatures vanquished.

Vanquished Creatures (others)
  3 fungi (D:2)
  4 plants (D:2)
7 creatures vanquished.

Grand Total: 53 creatures vanquished

Notes
Turn   | Place    | Note
-------+----------+-------------------------------------------
     0 | D:1      | safid the Hill Orc Fighter began the quest for the Orb.
     0 | D:1      | Reached XP level 1. HP: 19/19 MP: 1/1
   145 | D:1      | Reached XP level 2. HP: 20/27 MP: 2/2
   243 | D:1      | Reached skill level 3 in Axes
   641 | D:2      | Reached XP level 3. HP: 33/33 MP: 3/3
   706 | D:2      | Found a faded altar of an unknown god.
   998 | D:2      | Reached XP level 4. HP: 27/40 MP: 4/4
  1299 | D:3      | Reached skill level 4 in Axes
  1536 | D:3      | Reached skill level 5 in Axes
  1624 | D:3      | Reached XP level 5. HP: 29/46 MP: 5/5
  2064 | D:4      | Noticed a black bear
  2074 | D:4      | Slain by a black bear

Illustrated notes

Levels and vault maps discovered:
D:1:      giann_forest_graveyard, layout_rooms, minmay_misc_feat_alley,
          serial_bayou_pond_e, item_on_display_a
D:2:      layout_rooms, shapermc_ecumenical_altar_mp_ritualfount, minmay_3d_cube
D:3:      layout_basic
D:4:      layout_loops_ring, lemuel_doored_altar,
          nicolae_concentric_dashed_squares_mild, uniq_ijyb

Skill      XL: |  1  2  3  4 |
---------------+-------------+-----
Axes           | 3 5 |  5.3
Fighting       | 4 |  4.0
Armour         | 4 |  4.0
Shields        | 4 |  4.0

Action                   |  1- 3 |  4- 6 || total
-------------------------+-------+-------++-------
Melee: War axe           |    86 |    63 ||   149
Armor: Scale mail        |    35 |    27 ||    62
Dodge: Dodged            |    35 |    39 ||    74
Block: Buckler           |    25 |    21 ||    46
